IL
GWINNETT BRAVES @ LAS VEGAS 51S
05/13/2048
 
TOP OF THE 1ST
Gwinnett Braves batting - Pitching for Las Vegas 51s : RHP Zhao-ying Joe
Pitching: RHP Zhao-ying Joe
Batting: RHB Edgar Castillo 0-0: Ground out U3 (Groundball, 34, EV 94.4 MPH)
Batting: RHB Alex Munoz 0-0: Foul Ball, location: 2F
0-1: Called Strike
0-2: Ball
1-2: Ball
2-2: SINGLE (Groundball, 34D, EV 101.2 MPH)
Batting: SHB Brian Bagley 0-0: Called Strike
Alex Munoz steals 2nd base
0-1: Ball
1-1: Fly out, F3 (Line Drive, 3, EV 67.5 MPH)
Batting: SHB Bob Morales 0-0: Ball
1-0: Ball
2-0: Ball
3-0: Called Strike
3-1: Foul Ball, location: 2F
3-2: Strikes out swinging
Top of the 1st over - 0 runs, 1 hit, 0 errors, 1 left on base; Gwinnett 0 - Las Vegas 0
BOTTOM OF THE 1ST
Las Vegas 51s batting - Pitching for Gwinnett Braves : LHP Eduardo Baez
Pitching: LHP Eduardo Baez
Batting: SHB Jason Larson 0-0: Called Strike
0-1: Foul Ball, location: 2F
0-2: Strikes out swinging
Batting: RHB Zhao-ying Joe 0-0: Foul Ball, location: 2F
0-1: Foul Ball, location: 2F
0-2: Foul Ball, location: 2F
0-2: SINGLE (Flyball, 9LS, EV 92.5 MPH)
Batting: RHB Josh Jones 0-0: Ball
Zhao-ying Joe steals 2nd base
1-0: Swinging Strike
1-1: Ball
2-1: Swinging Strike
2-2: Strikes out swinging
Batting: SHB Harrison Feist 0-0: Called Strike
0-1: Foul Ball, location: 2F
0-2: Strikes out looking
Bottom of the 1st over - 0 runs, 1 hit, 0 errors, 1 left on base; Gwinnett 0 - Las Vegas 0
TOP OF THE 2ND
Gwinnett Braves batting - Pitching for Las Vegas 51s : RHP Zhao-ying Joe
Batting: LHB Chris Locklear 0-0: Called Strike
0-1: Fly out, F2 (Popup, 23F, EV 83.8 MPH)
Batting: RHB Jesse Lester 0-0: Ball
1-0: Called Strike
1-1: Called Strike
1-2: Ground out U3 (Groundball, 34S, EV 81.9 MPH)
Batting: RHB Dave Nickerson 0-0: Ball
1-0: Foul Ball, location: 2F
1-1: Foul Ball, location: 2F
1-2: DOUBLE (Line Drive, 78XD, EV 110.6 MPH)
Batting: LHB Mark Buchholz 0-0: SINGLE (Groundball, 6MD, EV 103.8 MPH) (infield hit)
Dave Nickerson to third
Batting: RHB Riley Nasiir 0-0: Ball
1-0: Ball
2-0: Foul Ball, location: 2F
2-1: Ball
3-1: Foul Ball, location: 2F
3-2: DOUBLE (Line Drive, 7LD, EV 105.0 MPH)
Dave Nickerson scores
Mark Buchholz to third
Mark Buchholz scores
Batting: RHB Edgar Castillo 0-0: Ground out 1-3 (Groundball, 15S, EV 71.2 MPH)
Top of the 2nd over - 2 runs, 3 hits, 0 errors, 1 left on base; Gwinnett 2 - Las Vegas 0
BOTTOM OF THE 2ND
Las Vegas 51s batting - Pitching for Gwinnett Braves : LHP Eduardo Baez
Batting: LHB Bill Armijo 0-0: Ball
1-0: Ball
2-0: Foul Ball, location: 2F
2-1: Foul Ball, location: 2F
2-2: Ball
3-2: Foul Ball, location: 2F
3-2: Foul Ball, location: 2F
3-2: Base on Balls
Batting: RHB Darwin Mills 0-0: Called Strike
0-1: Ball
1-1: Foul Ball, location: 2F
1-2: Strikes out swinging
Batting: RHB Devine Adams 0-0: Ball
1-0: Foul Ball, location: 2F
1-1: Swinging Strike
1-2: Ball
2-2: Strikes out swinging
Batting: LHB Jose Chavez 0-0: Ball
1-0: Foul Ball, location: 2F
1-1: SINGLE (Groundball, 34D, EV 94.4 MPH)
Bill Armijo to second
Runner from 2nd tries for 3rd, SAFE, throw by RF made at trailing runner, OUT! 9-6
Bottom of the 2nd over - 0 runs, 1 hit, 0 errors, 1 left on base; Gwinnett 2 - Las Vegas 0
TOP OF THE 3RD
Gwinnett Braves batting - Pitching for Las Vegas 51s : RHP Zhao-ying Joe
Batting: RHB Alex Munoz 0-0: Ball
1-0: Ball
2-0: Ball
3-0: Called Strike
3-1: Base on Balls
Batting: SHB Brian Bagley 0-0: Swinging Strike
0-1: Ball
1-1: Swinging Strike
1-2: Foul Ball, location: 2F
1-2: Foul Ball, location: 2F
1-2: Fly out, F9 (Flyball, 9, EV 85.0 MPH)
Batting: SHB Bob Morales 0-0: Ball
Alex Munoz steals 2nd base
1-0: Called Strike
1-1: Ball
2-1: Ball
Balk!
Alex Munoz to third
3-1: Fly out, F9 (Flyball, 9, EV 93.1 MPH)
Batting: LHB Chris Locklear 0-0: Ball
1-0: Called Strike
1-1: Ball
2-1: Ball
3-1: Base on Balls
Batting: RHB Jesse Lester 0-0: Ball
1-0: Ball
2-0: Ball
3-0: Called Strike
3-1: Swinging Strike
3-2: Base on Balls
Chris Locklear to second
Batting: RHB Dave Nickerson 0-0: Called Strike
0-1: Swinging Strike
0-2: Ball
1-2: Strikes out looking
Top of the 3rd over - 0 runs, 0 hits, 0 errors, 3 left on base; Gwinnett 2 - Las Vegas 0
BOTTOM OF THE 3RD
Las Vegas 51s batting - Pitching for Gwinnett Braves : LHP Eduardo Baez
Batting: RHB Alex Vasquez 0-0: Ground out 6-3 (Groundball, 6, EV 98.1 MPH)
Batting: SHB Jason Larson 0-0: Ball
1-0: Ground out 4-3 (Groundball, 4, EV 86.9 MPH)
Batting: RHB Zhao-ying Joe 0-0: Ball
1-0: Foul Ball, location: 2F
1-1: Ball
2-1: Ball
3-1: SINGLE (Line Drive, 9S, EV 101.9 MPH)
Batting: RHB Josh Jones 0-0: Foul Ball, location: 2F
0-1: Called Strike
Zhao-ying Joe steals 2nd base
0-2: Ball
1-2: Ball
2-2: Foul Ball, location: 2F
2-2: Foul Ball, location: 2F
2-2: Ball
3-2: Ground out 6-3 (Groundball, 6, EV 107.5 MPH)
Bottom of the 3rd over - 0 runs, 1 hit, 0 errors, 1 left on base; Gwinnett 2 - Las Vegas 0
TOP OF THE 4TH
Gwinnett Braves batting - Pitching for Las Vegas 51s : RHP Zhao-ying Joe
Batting: LHB Mark Buchholz 0-0: Ball
1-0: Called Strike
1-1: DOUBLE (Line Drive, 7LM, EV 98.1 MPH)
Batting: RHB Riley Nasiir 0-0: Ball
1-0: Ball
Mark Buchholz steals 3rd base
2-0: Ground out 6-3 (Groundball, 56, EV 90.0 MPH)
Mark Buchholz scores
Batting: RHB Edgar Castillo 0-0: Swinging Strike
0-1: Called Strike
0-2: Foul Ball, location: 2F
0-2: Ball
1-2: Strikes out looking
Batting: RHB Alex Munoz 0-0: Foul Ball, location: 2F
0-1: Ground out 5-3 (Groundball, 5L, EV 99.4 MPH)
Top of the 4th over - 1 run, 1 hit, 0 errors, 0 left on base; Gwinnett 3 - Las Vegas 0
BOTTOM OF THE 4TH
Las Vegas 51s batting - Pitching for Gwinnett Braves : LHP Eduardo Baez
Batting: SHB Harrison Feist 0-0: Called Strike
0-1: Called Strike
0-2: Ball
1-2: Ground out 6-3 (Groundball, 6, EV 102.5 MPH)
Batting: LHB Bill Armijo 0-0: Foul Ball, location: 2F
0-1: Foul Ball, location: 2F
0-2: Strikes out swinging
Batting: RHB Darwin Mills 0-0: Ball
1-0: Called Strike
1-1: Ball
2-1: Ball
3-1: Base on Balls
Batting: RHB Devine Adams 0-0: Ball
1-0: Ball
2-0: Ground out 4-3 (Groundball, 4S, EV 90.0 MPH)
Bottom of the 4th over - 0 runs, 0 hits, 0 errors, 1 left on base; Gwinnett 3 - Las Vegas 0
TOP OF THE 5TH
Gwinnett Braves batting - Pitching for Las Vegas 51s : RHP Zhao-ying Joe
Batting: SHB Brian Bagley 0-0: Swinging Strike
0-1: Called Strike
0-2: Fly out, F9 (Flyball, 9, EV 86.9 MPH)
Batting: SHB Bob Morales 0-0: Called Strike
0-1: Fly out, F7 (Flyball, 7, EV 86.2 MPH)
Batting: LHB Chris Locklear 0-0: Called Strike
0-1: Ball
1-1: Foul Ball, location: 2F
1-2: Foul Ball, location: 2F
1-2: Foul Ball, location: 2F
1-2: Ball
2-2: Ball
3-2: Foul Ball, location: 2F
3-2: SOLO HOME RUN (Flyball, 89XD, EV 111.9 MPH), Distance : 416 ft
Batting: RHB Jesse Lester 0-0: Ball
1-0: Called Strike
1-1: Ball
2-1: Ball
3-1: Base on Balls
Pitching: RHP Shan-tang Chi
Batting: RHB Dave Nickerson 0-0: Called Strike
0-1: Ball
1-1: Called Strike
1-2: Foul Ball, location: 2F
1-2: Foul Ball, location: 2F
1-2: SINGLE (Line Drive, 8LS, EV 100.6 MPH)
Jesse Lester to second
Batting: LHB Mark Buchholz 0-0: Ball
1-0: Foul Ball, location: 2F
1-1: SINGLE (Groundball, 34D, EV 98.1 MPH)
Jesse Lester to third
Dave Nickerson to second
Runner from 3rd tries for Home, SAFE, throw by RF to home
Batting: RHB Riley Nasiir 0-0: Called Strike
0-1: Foul Ball, location: 2F
0-2: Ball
1-2: Ball
2-2: Strikes out swinging
Top of the 5th over - 2 runs, 3 hits, 0 errors, 2 left on base; Gwinnett 5 - Las Vegas 0
BOTTOM OF THE 5TH
Las Vegas 51s batting - Pitching for Gwinnett Braves : LHP Eduardo Baez
Batting: LHB Jose Chavez 0-0: Called Strike
0-1: Called Strike
0-2: Ball
1-2: Ball
2-2: Ball
3-2: Ground out 4-3 (Groundball, 34, EV 83.1 MPH)
Batting: RHB Alex Vasquez 0-0: Foul Ball, location: 2F
0-1: Ball
1-1: Foul Ball, location: 2F
1-2: Strikes out swinging
Batting: SHB Jason Larson 0-0: Foul Ball, location: 2F
0-1: Foul Ball, location: 2F
0-2: Strikes out swinging, 2-3 out at first.
Bottom of the 5th over - 0 runs, 0 hits, 0 errors, 0 left on base; Gwinnett 5 - Las Vegas 0
TOP OF THE 6TH
Gwinnett Braves batting - Pitching for Las Vegas 51s : RHP Shan-tang Chi
Batting: RHB Edgar Castillo 0-0: Ball
1-0: Foul Ball, location: 2F
1-1: Foul Ball, location: 2F
1-2: Strikes out swinging
Batting: RHB Alex Munoz 0-0: Called Strike
0-1: Ball
1-1: Foul Ball, location: 2F
1-2: Strikes out swinging
Batting: SHB Brian Bagley 0-0: Called Strike
0-1: Ball
1-1: Ball
2-1: Swinging Strike
2-2: Strikes out swinging
Top of the 6th over - 0 runs, 0 hits, 0 errors, 0 left on base; Gwinnett 5 - Las Vegas 0
BOTTOM OF THE 6TH
Las Vegas 51s batting - Pitching for Gwinnett Braves : LHP Eduardo Baez
Batting: RHB Zhao-ying Joe 0-0: Called Strike
0-1: Ball
1-1: Ball
2-1: Ball
3-1: Foul Ball, location: 2F
3-2: Foul Ball, location: 2F
3-2: Base on Balls
Batting: RHB Josh Jones 0-0: TRIPLE (Groundball, 3L, EV 110.0 MPH)
Zhao-ying Joe scores
Batting: SHB Harrison Feist 0-0: Ball
1-0: SINGLE (Line Drive, 8LS, EV 112.5 MPH)
Josh Jones scores
Batting: LHB Bill Armijo 0-0: Called Strike
0-1: Ball
1-1: Fly out, F7 (Flyball, 7D, EV 84.4 MPH)
Batting: RHB Darwin Mills 0-0: Called Strike
0-1: Ball
1-1: Swinging Strike
1-2: SINGLE (Line Drive, 4MD, EV 105.6 MPH)
Harrison Feist to second
Batting: RHB Devine Adams 0-0: Foul Ball, location: 2F
0-1: Ball
1-1: Grounds into double play, 6-4-3 (Groundball, 6, EV 86.9 MPH)
Bottom of the 6th over - 2 runs, 3 hits, 0 errors, 1 left on base; Gwinnett 5 - Las Vegas 2
TOP OF THE 7TH
Gwinnett Braves batting - Pitching for Las Vegas 51s : RHP Shan-tang Chi
Batting: SHB Bob Morales 0-0: Ball
1-0: SINGLE (Line Drive, 78M, EV 92.5 MPH)
Batting: LHB Chris Locklear 0-0: Ball
Bob Morales steals 2nd base
1-0: Ball
2-0: DOUBLE (Line Drive, 7LM, EV 108.8 MPH)
Bob Morales scores
Batting: RHB Jesse Lester 0-0: Ball
1-0: Called Strike
1-1: Foul Ball, location: 2F
1-2: Foul Ball, location: 2F
1-2: Foul Ball, location: 2F
1-2: Ball
2-2: Foul Ball, location: 2F
2-2: Foul Ball, location: 2F
2-2: Foul Ball, location: 2F
2-2: SINGLE (Groundball, 6MD, EV 105.0 MPH)
Chris Locklear to third
Batting: RHB Dave Nickerson 0-0: Called Strike
0-1: Ball
1-1: Ball
2-1: Hit by Pitch
Jesse Lester to second
Batting: LHB Mark Buchholz 0-0: Foul Ball, location: 2F
0-1: Ball
1-1: Swinging Strike
1-2: Ball
2-2: Ball
3-2: Fielders Choice at 2nd, 3-6 (Groundball, 34S, EV 86.2 MPH)
Chris Locklear scores
Jesse Lester to third
Pitching: LHP Jonathan Gendron
Batting: RHB Riley Nasiir 0-0: Called Strike
Mark Buchholz steals 2nd base
0-1: Fly out, F8 (Flyball, 78S, EV 85.6 MPH)
Batting: RHB Edgar Castillo 0-0: Called Strike
0-1: Foul Ball, location: 2F
0-2: Ball
1-2: DOUBLE (Line Drive, 5D, EV 94.4 MPH)
Jesse Lester scores
Mark Buchholz scores
Pinch Hitting: RHB Mike Meeker 0-0: Hit by Pitch
Pinch Hitting: RHB Roberto Gonzalez 0-0: Ball
Edgar Castillo steals 3rd base
1-0: Ball
2-0: Ball
3-0: Base on Balls
Mike Meeker to second
Batting: SHB Bob Morales 0-0: Ball
1-0: Foul Ball, location: 2F
1-1: Foul Ball, location: 2F
1-2: Ball
2-2: Strikes out looking
Top of the 7th over - 4 runs, 4 hits, 0 errors, 3 left on base; Gwinnett 9 - Las Vegas 2
BOTTOM OF THE 7TH
Las Vegas 51s batting - Pitching for Gwinnett Braves : LHP Eduardo Baez
Now at 1B: Roberto Gonzalez
Now at 2B: Mike Meeker
Batting: LHB Jose Chavez 0-0: Ball
1-0: Called Strike
1-1: Swinging Strike
1-2: Foul Ball, location: 2F
1-2: Foul Ball, location: 2F
1-2: Ground out 1-3 (Groundball, 13S, EV 63.8 MPH)
Pinch Hitting: RHB Nick Rang 0-0: Foul Ball, location: 2F
0-1: Ball
1-1: Ball
2-1: Swinging Strike
2-2: Ball
3-2: Ground out U3 (Groundball, 34, EV 105.0 MPH)
Pinch Hitting: RHB Roger Renteria 0-0: Ball
1-0: Ball
2-0: Ball
3-0: Called Strike
3-1: Called Strike
3-2: Base on Balls
Pitching: RHP Jonathan Ballejos
Batting: RHB Zhao-ying Joe 0-0: Called Strike
Roger Renteria steals 2nd base (no throw)
0-1: Ball
1-1: Foul Ball, location: 2F
1-2: Ball
2-2: Ball
3-2: Foul Ball, location: 2F
3-2: Fly out, F7 (Flyball, 7D, EV 96.9 MPH)
Bottom of the 7th over - 0 runs, 0 hits, 0 errors, 1 left on base; Gwinnett 9 - Las Vegas 2
TOP OF THE 8TH
Gwinnett Braves batting - Pitching for Las Vegas 51s : LHP Jonathan Gendron
Now at 3B: Roger Renteria
Now at SS: Nick Rang
Batting: LHB Chris Locklear 0-0: Ball
1-0: Called Strike
1-1: Ball
2-1: Foul Ball, location: 2F
2-2: Ground out U3 (Groundball, 3L, EV 85.0 MPH)
Batting: RHB Jesse Lester 0-0: Ball
1-0: Foul Ball, location: 2F
1-1: Ball
2-1: Foul Ball, location: 2F
2-2: Ground out 4-3 (Groundball, 4, EV 78.1 MPH)
Batting: RHB Dave Nickerson 0-0: Called Strike
0-1: Ground out 4-3 (Groundball, 4, EV 78.1 MPH)
Top of the 8th over - 0 runs, 0 hits, 0 errors, 0 left on base; Gwinnett 9 - Las Vegas 2
BOTTOM OF THE 8TH
Las Vegas 51s batting - Pitching for Gwinnett Braves : RHP Jonathan Ballejos
Batting: RHB Josh Jones 0-0: Ball
1-0: Foul Ball, location: 2F
1-1: Ball
2-1: Ball
3-1: Called Strike
3-2: Strikes out swinging
Batting: SHB Harrison Feist 0-0: Ground out 6-3 (Groundball, 4M, EV 81.2 MPH)
Batting: LHB Bill Armijo 0-0: Called Strike
0-1: Hit by Pitch
Batting: RHB Darwin Mills 0-0: SINGLE (Line Drive, 4MD, EV 96.2 MPH)
Bill Armijo to second
Batting: RHB Devine Adams 0-0: Ball
1-0: Called Strike
1-1: Swinging Strike
1-2: Ball
2-2: Foul Ball, location: 2F
2-2: Foul Ball, location: 2F
2-2: Ball
3-2: Reached on error, E5 (Groundball, 56, EV 82.5 MPH)
Bill Armijo to third
Darwin Mills to second
Batting: LHB Jose Chavez 0-0: Called Strike
0-1: Ball
1-1: Swinging Strike
1-2: Ball
2-2: Ball
3-2: Base on Balls
Bill Armijo scores
Darwin Mills to third
Devine Adams to second
Pinch Hitting: RHB Ken Fitzpatrick 0-0: Ball
1-0: Ball
2-0: Fly out, F7 (Flyball, 7S, EV 81.9 MPH)
Bottom of the 8th over - 1 run, 1 hit, 1 error, 3 left on base; Gwinnett 9 - Las Vegas 3
TOP OF THE 9TH
Gwinnett Braves batting - Pitching for Las Vegas 51s : LHP Jonathan Gendron
Pitching: LHP Ken Dewey
Now at SS: Ken Fitzpatrick
Batting: RHB Ivan Ramirez 0-0: Called Strike
0-1: Called Strike
0-2: SINGLE (Groundball, 56D, EV 106.9 MPH)
Batting: RHB Riley Nasiir 0-0: Called Strike
0-1: Called Strike
0-2: Ball
1-2: Foul Ball, location: 2F
1-2: SINGLE (Groundball, 6MD, EV 101.2 MPH)
Ivan Ramirez to second
Batting: RHB Edgar Castillo 0-0: Ball
1-0: SINGLE (Groundball, 56D, EV 105.6 MPH)
Ivan Ramirez to third
Riley Nasiir to second
Runner from 3rd tries for Home, SAFE, throw by LF to home
Batting: RHB Mike Meeker 0-0: Ball
1-0: Ball
2-0: Foul Ball, location: 2F
2-1: SINGLE (Groundball, 6S, EV 95.6 MPH)
Riley Nasiir to third
Edgar Castillo to second
Throwing error, E8
Riley Nasiir scores
Edgar Castillo to third
Mike Meeker to second
Pinch Hitting: RHB David Zelaya 0-0: Called Strike
0-1: Called Strike
0-2: Foul Ball, location: 2F
0-2: Ball
1-2: Strikes out swinging
Batting: SHB Bob Morales 0-0: Called Strike
0-1: Swinging Strike
0-2: Strikes out swinging
Pinch Hitting: SHB Eric Reeser 0-0: Ball
1-0: Ball
2-0: Foul Ball, location: 2F
2-1: Ball
3-1: Called Strike
3-2: SINGLE (Groundball, 6D, EV 111.9 MPH)
Edgar Castillo scores
Mike Meeker to third
Runner from 3rd tries for Home, SAFE, throw by CF to home
Pitching: RHP Austin Kuhn
Batting: RHB Jesse Lester 0-0: Ground out 3-1 (Groundball, 34, EV 103.1 MPH)
Top of the 9th over - 4 runs, 5 hits, 1 error, 1 left on base; Gwinnett 13 - Las Vegas 3
BOTTOM OF THE 9TH
Las Vegas 51s batting - Pitching for Gwinnett Braves : RHP Jonathan Ballejos
Now at C: David Zelaya
Now at 1B: John Peterson
Batting: RHB Roger Renteria 0-0: Called Strike
0-1: Called Strike
0-2: Foul Ball, location: 2F
0-2: Ball
1-2: Hit by Pitch
Batting: RHB Zhao-ying Joe 0-0: Called Strike
0-1: Ball
1-1: Swinging Strike
1-2: Foul Ball, location: 2F
1-2: SINGLE (Flyball, 8RS, EV 86.2 MPH)
Roger Renteria to second
Pitching: RHP Nathan Tamburrino
Batting: RHB Josh Jones 0-0: Ball
1-0: Called Strike
1-1: Ball
2-1: Foul Ball, location: 2F
2-2: Fly out, F9 (Flyball, 9D, EV 100.0 MPH)
Runner from 2nd tags up, SAFE at 3rd, no throw by RF
Batting: SHB Harrison Feist 0-0: 3-RUN HOME RUN (Flyball, 8LXD, EV 115.0 MPH), Distance : 466 ft
Pitching: LHP Kyle Foster
Pinch Hitting: SHB Nelson Powell 0-0: Ball
1-0: Ball
2-0: Foul Ball, location: 2F
2-1: Ball
3-1: Foul Ball, location: 2F
3-2: SINGLE (Groundball, 56D, EV 107.5 MPH)
Batting: RHB Darwin Mills 0-0: Ball
1-0: Called Strike
1-1: Swinging Strike
1-2: Ball
2-2: Foul Ball, location: 2F
2-2: Ball
3-2: Base on Balls
Nelson Powell to second
Batting: RHB Devine Adams 0-0: Ball
1-0: Ball
2-0: Ball
3-0: Called Strike
3-1: Foul Ball, location: 2F
3-2: Foul Ball, location: 2F
3-2: Fly out, F9 (Flyball, 9S, EV 70.0 MPH)
Batting: LHB Jose Chavez 0-0: Ball
1-0: Foul Ball, location: 2F
1-1: Ball
2-1: Foul Ball, location: 2F
2-2: Fly out, F9 (Flyball, 89M, EV 90.0 MPH)
Bottom of the 9th over - 3 runs, 3 hits, 0 errors, 2 left on base; Gwinnett 13 - Las Vegas 6
Tuesday, March 28th , 2023 - OOTP Baseball 23.10 Build 110